Map: Oxide LE

Players

SortOf - Winner!

  • Race: Zerg Zerg

Kas

  • Race: Terran Terran

Event: DreamHack SC2 Masters 2021 Fall

VOD

Have the link to the VOD?

Description

Time

  • Played on: July 31, 2021, 2:17 p.m.
  • Length: 9:54

All games in this series

Show
View Real Time Build Order
Export as new Build Order

SortOf Zerg - Winner!

Build Orders: Hatch First 

Get SALT Encoding   

  12  0:00  Drone  
  13  0:13  Overlord  
  13  0:16  Drone  
  14  0:32  Drone x2  
  16  0:47  Hatchery  
  15  0:51  Drone  
  15  0:55  Drone  
  17  0:59  Drone  
  18  1:10  Extractor  
  17  1:13  Spawning Pool  
  17  1:17  Drone  
  17  1:20  Drone  
  18  1:28  Drone  
  19  1:39  Drone  
  20  1:50  Drone  
  21  2:00  Queen x2  
  21  2:01  Zergling x4  
  27  2:11  Overlord  
  27  2:12  Drone  
  28  2:22  Hatchery  
  27  2:24  Drone  
  28  2:32  Drone  
  28  2:33  Drone  
  28  2:36  Drone  
  31  2:42  Queen  
  33  2:47  Overlord  
  33  2:50  Drone  
  34  2:52  Metabolic Boost  
  34  2:55  Drone  
  34  2:57  Drone  
  36  3:04  Queen  
  38  3:08  Drone  
  39  3:13  Drone  
  39  3:14  Overlord  
  39  3:15  Drone  
  39  3:17  Drone  
  42  3:20  Drone  
  42  3:23  Drone  
  44  3:29  Overlord  
  44  3:31  Queen  
  46  3:37  Drone  
  46  3:40  Queen  
  49  3:43  Drone x2  
  49  3:46  Zergling x4  
  49  3:47  Drone  
  49  3:48  Drone  
  54  3:51  Drone x2  
  54  3:54  Overlord  
  56  3:58  Drone x2  
  56  4:01  Overlord  
  58  4:04  Overlord  
  58  4:11  Overlord  
  58  4:12  Queen  
  58  4:15  Drone  
  58  4:16  Drone x2  
  63  4:19  Zergling x2  
  63  4:20  Lair  
  63  4:23  Extractor  
  63  4:25  Zergling x4  
  63  4:27  Drone  
  63  4:28  Drone  
  67  4:32  Drone  
  67  4:36  Spore Crawler x2, Baneling Nest  
  67  4:37  Drone x2  
  67  4:46  Spore Crawler, Drone x4  
  67  4:50  Overlord  
  67  4:51  Drone  
  71  4:54  Drone x4  
  71  4:57  Drone  
  76  5:02  Extractor, Drone x2  
  76  5:05  Overlord  
  77  5:16  Drone x3  
  77  5:20  Hatchery, Evolution Chamber  
  78  5:22  Drone x4, Evolution Chamber  
  78  5:24  Extractor  
  78  5:25  Centrifical Hooks  
  78  5:28  Overseer  
  80  5:30  Overseer  
  80  5:36  Queen  
  80  5:38  Zergling x10  
  80  5:42  Baneling x3  
  87  5:44  Spore Crawler  
  87  5:46  Drone x4  
  88  5:50  Drone x2  
  88  5:55  Drone x4  
  94  5:58  Drone  
  91  6:08  Drone x8  
  92  6:15  Spire  
  91  6:18  Extractor  
  91  6:19  Queen  
  91  6:23  Roach Warren  
  95  6:25  Drone x4  
  94  6:33  Zergling x6  
  94  6:36  Zergling x2  
  94  6:42  Zergling x4  
  94  6:45  Zerg Ground Armor Level 1  
  94  6:46  Zerg Melee Weapons Level 1  
  93  6:50  Zergling x20  
  102  7:00  Drone x2  
  104  7:03  Overlord  
  104  7:04  Hatchery  
  104  7:06  Spore Crawler  
  104  7:08  Overlord  
  102  7:11  Overlord  
  102  7:12  Overlord  
  102  7:13  Overlord  
  102  7:18  Zergling x4, Overlord  
  102  7:20  Zergling x4  
  102  7:21  Zergling x2  
  102  7:22  Zergling x4  
  106  7:29  Corruptor x4  
  107  7:32  Corruptor  
  107  7:35  Corruptor  
  115  7:39  Spore Crawler, Drone x3  
  115  7:41  Drone  
  118  7:45  Drone  
  118  7:47  Drone x5  
  123  7:56  Baneling x8  
  121  8:01  Zergling x18  
  121  8:03  Zergling x4  
  129  8:09  Zergling x12  
  129  8:10  Baneling x4  
  133  8:16  Drone x4  
  131  8:25  Zergling x14  
  125  8:36  Drone  
  125  8:37  Drone  
  125  8:39  Zergling x14  
  134  8:41  Baneling x13  
  134  8:51  Zergling x14  
  141  8:57  Baneling  
  140  9:05  Hatchery  
  140  9:07  Zergling x16  
  140  9:09  Baneling x5  
  146  9:11  Baneling x2  
  141  9:20  Zergling x20  
  129  9:25  Zergling x10  
  129  9:26  Zergling x2  
  135  9:34  Zergling x12  
Show
View Real Time Build Order
Export as new Build Order

Kas Terran 

Build Orders: Reaper Expand 

Get SALT Encoding   

  12  0:00  SCV  
  13  0:12  SCV  
  14  0:16  Supply Depot  
  14  0:24  SCV  
  15  0:38  SCV  
  15  0:41  Barracks  
  16  0:44  Refinery  
  16  0:50  SCV  
  17  1:02  SCV  
  18  1:14  SCV  
  19  1:28  Reaper, Orbital Command  
  20  1:38  Command Center  
  20  1:47  Supply Depot  
  20  1:54  SCV  
  20  1:59  Marine  
  22  2:07  SCV  
  23  2:08  Factory  
  23  2:15  Refinery  
  23  2:19  SCV  
  23  2:22  Barracks Reactor  
  24  2:31  SCV  
  25  2:43  SCV  
  26  2:51  Orbital Command  
  26  2:55  SCV, Starport  
  27  3:06  Hellion x2  
  27  3:08  SCV  
  27  3:12  Marine  
  33  3:18  SCV  
  34  3:20  SCV  
  34  3:23  Supply Depot  
  35  3:27  Hellion x2  
  35  3:30  SCV  
  35  3:32  SCV  
  41  3:36  Fusion Core, Starport Tech Lab  
  41  3:42  SCV  
  41  3:44  SCV  
  43  3:53  Command Center  
  43  3:54  SCV  
  44  3:56  SCV  
  47  4:06  SCV  
  47  4:08  Supply Depot  
  47  4:09  SCV  
  47  4:10  Supply Depot  
  47  4:18  SCV  
  47  4:21  SCV  
  49  4:30  SCV, Battlecruiser  
  55  4:33  SCV  
  55  4:35  Barracks Tech Lab  
  55  4:36  Hellion x2  
  60  4:40  Supply Depot  
  60  4:42  SCV  
  61  4:46  SCV  
  62  4:55  Marine, SCV  
  62  4:57  Refinery  
  62  4:58  SCV  
  65  5:00  Hellion x2  
  65  5:06  Orbital Command  
  70  5:07  SCV  
  70  5:13  SCV  
  71  5:16  Marine, Stimpack  
  71  5:20  Barracks  
  72  5:22  SCV, Barracks, Engineering Bay  
  72  5:24  Engineering Bay  
  72  5:25  SCV  
  74  5:33  SCV  
  74  5:34  SCV  
  76  5:40  Battlecruiser  
  82  5:46  SCV  
  82  5:48  SCV  
  84  5:50  Supply Depot  
  84  5:51  Refinery, Supply Depot  
  84  5:53  Marine  
  84  5:54  Factory Reactor  
  84  5:55  SCV  
  86  5:58  SCV  
  87  6:11  Marine, SCV x2  
  72  6:12  SCV  
  72  6:13  Barracks Reactor  
  72  6:14  Barracks  
  72  6:16  Terran Infantry Armor Level 1, Terran Infantry Weapons Level 1  
  72  6:17  Barracks  
  75  6:19  Supply Depot  
  75  6:20  Orbital Command  
  75  6:22  Supply Depot  
  75  6:23  SCV  
  75  6:24  SCV  
  77  6:28  Marine x2  
  79  6:35  Marine  
  72  6:46  Marine x2  
  65  6:47  SCV  
  65  6:52  SCV  
  65  6:53  Marine  
  68  6:55  SCV  
  68  6:56  Supply Depot x2  
  68  6:57  Combat Shield  
  68  6:59  SCV  
  68  7:00  Siege Tank  
  73  7:02  Medivac x2  
  73  7:03  Marine  
  73  7:04  Marine, SCV  
  73  7:07  SCV  
  81  7:09  Armory  
  81  7:10  Marine x2  
  81  7:11  SCV  
  81  7:13  Barracks Reactor  
  83  7:16  SCV  
  83  7:17  Barracks Reactor  
  83  7:19  SCV  
  81  7:23  Marine x3, SCV  
  81  7:27  Marine  
  81  7:28  SCV  
  87  7:30  Marine, Bunker  
  87  7:31  SCV  
  87  7:36  SCV  
  90  7:39  Siege Tank  
  90  7:40  SCV  
  90  7:41  Marine x3  
  90  7:43  SCV  
  98  7:45  Marine  
  98  7:48  Marine, SCV  
  98  7:50  Medivac  
  103  7:52  SCV  
  104  7:58  Marine  
  104  7:59  Marine x2  
  104  8:02  Supply Depot  
  104  8:03  Marine  
  104  8:04  Marine  
  105  8:05  Marine  
  105  8:09  Marine x3  
  109  8:15  Factory  
  109  8:16  Marine x2  
  109  8:17  Marine  
  100  8:21  Marine  
  100  8:22  Marine  
  100  8:23  Marine  
  100  8:27  Marine x3  
  99  8:31  Siege Tank  
  103  8:34  Marine x3  
  103  8:39  Marine  
  103  8:40  Marine  
  108  8:41  Command Center  
  108  8:42  Marine  
  108  8:47  Marine  
  108  8:48  Marine  
  111  8:51  Marine  
  111  8:52  Marine x3  
  115  8:56  Marine  
  115  8:58  Marine  
  115  8:59  Refinery x2, Bunker  
  115  9:00  Marine, Supply Depot, Factory Tech Lab  
  115  9:02  Supply Depot  
  118  9:05  Marine  
  118  9:09  Marine  
  120  9:11  Marine x3  
  92  9:27  Marine x6  
  92  9:29  Marine x3  
  92  9:30  SCV  

Tags
 
Add a new tag
Caveats
  • Supply blocks, unpowered buildings, or Contaminate may cause inaccurate times.
  • Supply counts are checked every 10 seconds.